 Dungeon Crawl Stone Soup version 0.14-a0-736-g2a71271 (webtiles) character file.

176 Malachi the Ruffian (level 4, -1/35 HPs)
             Began as a Draconian Transmuter on Nov 7, 2013.
             Slain by Sigmund
             ... wielding a +2,+1 scythe
              (10 damage)
             ... on Level 2 of the Dungeon.
             The game lasted 00:03:27 (2237 turns).

Malachi the Ruffian (Draconian Transmuter)          Turns: 2237, Time: 00:03:27

HP  -1/35        AC  5     Str 13      XL: 4   Next:  6%
MP   1/6         EV 12     Int 14      God:
Gold 104         SH  0     Dex 11      Spells:  3 memorised,  1 level left

Res.Fire  : . . .   See Invis. : .     - Unarmed
Res.Cold  : . . .   Warding    : .   (armour unavailable)
Life Prot.: . . .   Conserve   : .   (no shield)
Res.Poison: .       Res.Corr.  : .   (helmet restricted)
Res.Elec. : .       Clarity    : .   (no cloak)
Sust.Abil.: . .     Spirit.Shd : .   (no gloves)
Res.Mut.  : .       Stasis     : .   (no boots)
Res.Rott. : .       Flight     : .   (no amulet)
Saprovore : . . .                    (no ring)
                                     (no ring)

@: slightly resistant to hostile enchantments, unstealthy
A: unfitting armour, AC +5
a: no special abilities


You were on level 2 of the Dungeon.
You were not hungry.

You visited 1 branch of the dungeon, and saw 2 of its levels.

You collected 104 gold pieces.

Inventory:

Missiles
 b - 23 arrows
Comestibles
 a - a bread ration
 n - a rotting chunk of hobgoblin flesh
 t - a rotting chunk of goblin flesh
Scrolls
 c - a scroll of teleportation {unknown}
 e - 4 scrolls of identify {unknown}
 f - a scroll of curse armour {unknown}
 h - 2 scrolls of noise {unknown}
 i - a scroll of curse weapon {unknown}
 j - 3 scrolls of recharging {unknown}
 k - a scroll of magic mapping {unknown}
 l - a scroll of fear {unknown}
 m - a scroll of enchant armour {unknown}
 q - a scroll of random uselessness {unknown}
 s - a scroll of remove curse {unknown}
Potions
 o - a potion of heal wounds {unknown}
 p - a potion of restore abilities {unknown}
 r - a potion of paralysis {unknown}
Books
 d - a book of Changes

   Spells                             Type                      Level
   *Beastly Appendage                 Transmutation                1
   *Sticks to Snakes                  Transmutation                2
   *Spider Form                       Transmutation/Poison         3
   Ice Form                           Ice/Transmutation            4
   Blade Hands                        Transmutation                5


   Skills:
 + Level 1.3 Fighting
 + Level 2.3 Dodging
 + Level 4.0 Unarmed Combat
 - Level 2.0 Spellcasting
 * Level 2.3 Transmutations
 * Level 1.3 Poison Magic


You had one spell level left.
You knew the following spells:

 Your Spells              Type           Power        Failure   Level  Hunger
a - Beastly Appendage     Trmt           #.....       12%         1    ##.....
b - Sticks to Snakes      Trmt           #.........   17%         2    ###....
c - Spider Form           Trmt/Pois      #.........   38%         3    ####...


Dungeon Overview and Level Annotations

Branches:
Dungeon (2/27)

Altars:

Annotations:
D:2 Sigmund


Message History

You hit Sigmund.
Sigmund is severely wounded.
Your ball python bites Sigmund but does no damage.
Your ball python constricts Sigmund.
Sigmund drinks a potion.
Sigmund is healed!
Your ball python bites Sigmund.
Your ball python bites Sigmund but does no damage.
Your ball python constricts Sigmund.
You hit Sigmund.
Sigmund is moderately wounded.
Your ball python bites Sigmund but does no damage.
Sigmund hits you with a scythe.
* * * LOW HITPOINT WARNING * * *
Your ball python bites Sigmund.
Your ball python constricts Sigmund.
You are too injured to fight recklessly!
You are too injured to fight recklessly!
You hit Sigmund but do no damage.
Sigmund is moderately wounded.
Your ball python bites Sigmund but does no damage.
Your ball python constricts Sigmund.
Sigmund hits you with a scythe!
You die...

###.##.###############.#####.#.#
....##.####### #...............
........#....# #.###.########.#
........#....# #.#.....# #.#
....)...#....#####.#.#.#.# #.#
...................#...#.# #.#
######.##..........###.#.# #J#
#..'...............<# #@#
#.##.).....@@.###.### #.#
#.##.......SS.# #.# ####S#
#.##..........# #.# #....#
######.##..........# #.# #.####
.......######......# #.# #.#
######.# ###......# #.# #.# ..#
#<.# #...########.# #.# #.# #..#
#...'........# #.# #.# #..#
#...########.#####.#


You could see Sigmund and 2 friendly ball pythons.

Vanquished Creatures
  An adder (D:2)
  A giant gecko (D:1)
  6 goblins
  11 hobgoblins
  6 jackals
  2 ball pythons
  6 bats
  4 giant cockroaches
  6 giant newts
  10 kobolds
  5 rats
58 creatures vanquished.

Vanquished Creatures (collateral kills)
  A bat (D:2)
1 creature vanquished.

Grand Total: 59 creatures vanquished

Notes
Turn   | Place    | Note
--------------------------------------------------------------
     0 | D:1      | Malachi, the Draconian Transmuter, began the quest for the Orb.
     0 | D:1      | Reached XP level 1. HP: 16/16 MP: 1/1
   378 | D:1      | Reached XP level 2. HP: 23/23 MP: 0/3
   382 | D:1      | Learned a level 2 spell: Sticks to Snakes
   958 | D:1      | Reached XP level 3. HP: 28/28 MP: 4/4
   963 | D:1      | Learned a level 3 spell: Spider Form
  1363 | D:2      | Reached skill level 1 in Poison Magic
  1579 | D:2      | Reached skill level 4 in Unarmed Combat
  1589 | D:2      | Noticed Sigmund
  1739 | D:2      | Reached XP level 4. HP: 35/35 MP: 4/6
  2237 | D:2      | Slain by Sigmund

Action                   |  1- 3 |  4- 6 || total
-------------------------+-------+-------++-------
Melee: Unarmed           |   187 |    19 ||   206
 Cast: Beastly Appendage |    12 |       ||    12
       Sticks to Snakes  |     1 |     3 ||     4
  Use: Potion            |       |     1 ||     1
 Stab: Sleeping          |     2 |       ||     2
